[Event "World Junior U20 Girls 2018"]
[Site "Gebze"]
[Date "2018.09.08"]
[Round "5"]
[White "Salah, Nadezhda"]
[Black "Schneider, Jana"]
[Result "0-1"]
[ECO "A25"]
[WhiteElo "1918"]
[BlackElo "2190"]
[Annotator "NA"]
[PlyCount "84"]
[EventDate "2018.09.05"]
[EventType "swiss"]
[EventCountry "TUR"]
[SourceTitle "playchess.com"]
[Source "ChessBase"]
[SourceQuality "1"]
[TimeControl "40/5400+30:1800+30"]

1. c4 e5 2. Nc3 Nc6 3. e3 Bc5 4. a3 a6 5. b4 Ba7 6. Qg4 Kf8 7. Nd5 d6 8. Qg3 Nge7 9. Bb2 h5 10. f4 Nf5 11. Qf2 e4 12. Ne2 Nfe7 13. Nec3 Bf5 14. g3 Nxd5 15. cxd5 Nb8 16. Bg2 Qe7 17. h3 Nd7 {[%emt 0:08:45] [#]} 18. g4 $16 hxg4 19. hxg4 Rxh1+ 20. Bxh1 Bh7 21. Qh2 Kg8 22. O-O-O c6 23. Bg2 cxd5 24. Rh1 Nf8 25. Nxd5 Qe6 26. Nc3 Rc8 27. Kb1 Qc4 28. Ka1 d5 29. Qh5 Rd8 30. g5 Qd3 31. Qd1 Qc4 32. Qh5 Qd3 33. g6 fxg6 34. Qe5 Bb8 35. Qe7 Rd7 36. Qe8 Bd6 37. Bh3 Re7 38. Qd8 d4 39. Nd5 Rf7 40. Be6 dxe3 41. Bxf7+ Kxf7 42. Qd7+ Nxd7 0-1

[Event "World Junior U20 Girls 2018"]
[Site "Gebze"]
[Date "2018.09.08"]
[Round "5"]
[White "Doroy Allaney Jia G"]
[Black "Catal, Uktenur"]
[Result "1/2-1/2"]
[ECO "A28"]
[WhiteElo "1914"]
[BlackElo "1809"]
[Annotator "NA"]
[PlyCount "52"]
[EventDate "2018.09.05"]
[EventType "swiss"]
[EventCountry "TUR"]
[SourceTitle "playchess.com"]
[Source "ChessBase"]
[SourceQuality "1"]
[TimeControl "40/5400+30:1800+30"]

1. c4 e5 2. Nc3 Nf6 3. Nf3 Nc6 4. d4 exd4 5. Nxd4 Bb4 6. e3 Bxc3+ 7. bxc3 d6 8. Be2 O-O 9. O-O Re8 10. Rb1 Ne5 11. Qc2 c5 12. Nf3 Nc6 13. Bd3 Qe7 14. Re1 h6 15. e4 Ng4 16. Bf4 Nge5 17. Nd2 Be6 18. Be2 b6 19. Bg3 Na5 20. Qa4 Bd7 21. Qd1 Be6 22. Qa4 Bd7 23. Qd1 Be6 24. Qa4 Bd7 25. Qd1 Be6 26. Qa4 Bd7 1/2-1/2

[Event "World Junior U20 Girls 2018"]
[Site "Gebze"]
[Date "2018.09.08"]
[Round "5"]
[White "Ince, Safiye Oyku"]
[Black "Incecik, Seyma Zeynep"]
[Result "1/2-1/2"]
[ECO "B01"]
[WhiteElo "1905"]
[BlackElo "1716"]
[Annotator "NA"]
[PlyCount "68"]
[EventDate "2018.09.05"]
[EventType "swiss"]
[EventCountry "TUR"]
[SourceTitle "playchess.com"]
[Source "ChessBase"]
[SourceQuality "1"]
[TimeControl "40/5400+30:1800+30"]

1. e4 d5 2. exd5 Qxd5 3. Nc3 Qa5 4. d4 c6 5. Bc4 Nf6 6. Nf3 Bf5 7. Ne5 e6 8. Qe2 Bb4 9. Bd2 Nbd7 10. O-O-O Nxe5 11. dxe5 Nd5 12. Bxd5 exd5 13. g4 Be6 14. a3 Bxa3 15. Nb1 Bb4 16. f4 d4 17. f5 Bd5 18. Rhf1 O-O-O 19. Bf4 Qa1 20. Bd2 Bc5 21. c4 dxc3 22. Bxc3 Ba2 23. Kc2 Rxd1 24. Rxd1 Bxb1+ 25. Rxb1 Qa4+ 26. b3 Qf4 27. Rf1 Qe3 28. Qxe3 Bxe3 29. f6 gxf6 30. Rxf6 Rf8 31. e6 Kd8 32. Rf3 Bc5 33. Bg7 Rg8 34. Rxf7 Be7 1/2-1/2

[Event "World Junior U20 Girls 2018"]
[Site "Gebze"]
[Date "2018.09.08"]
[Round "5"]
[White "Aksoy, Ayca"]
[Black "Auvray, Honorine"]
[Result "0-1"]
[ECO "A40"]
[WhiteElo "1898"]
[BlackElo "2050"]
[Annotator "NA"]
[PlyCount "52"]
[EventDate "2018.09.05"]
[EventType "swiss"]
[EventCountry "TUR"]
[SourceTitle "playchess.com"]
[Source "ChessBase"]
[SourceQuality "1"]
[TimeControl "40/5400+30:1800+30"]

1. Nf3 g6 2. d4 Bg7 3. Bg5 c5 4. c3 {[%emt 0:03:30] A40: Unusual replies to 1 d4} Qa5 (4... Nf6 5. e3 O-O 6. Nbd2 b6 7. a4 Bb7 8. Be2 d6 9. O-O a6 10. Ne1 Nbd7 11. Bf3 d5 12. Nd3 h6 13. Bxf6 Bxf6 14. a5 cxd4 15. exd4 {1-0 (57) Megaranto,S (2535)-Andreikin,D (2743) Almaty 2016}) 5. dxc5 Qxc5 6. e4 d6 7. Nbd2 Nf6 8. Be2 $146 ({Predecessor:} 8. Bd3 O-O 9. O-O Nbd7 10. a4 {0-1 (51) Sell,A (2280)-Dankert,P (2275) Germany 1998}) 8... O-O 9. O-O b6 10. Re1 Bb7 11. Bd3 Nbd7 12. Qe2 h6 13. Be3 Qc7 14. Nd4 a6 15. c4 e6 16. Rac1 Nc5 17. f3 Rac8 18. Bc2 d5 19. b4 Ncd7 20. exd5 exd5 21. Bb3 Qd6 22. a3 Rfe8 23. Rcd1 $15 Ng4 24. Ne4 Qxh2+ 25. Kf1 Nxe3+ 26. Qxe3 dxe4 0-1

[Event "World Junior U20 Girls 2018"]
[Site "Gebze"]
[Date "2018.09.08"]
[Round "5"]
[White "Koljevic, Nikolina"]
[Black "Esti, Kubra Selenay"]
[Result "1/2-1/2"]
[ECO "B06"]
[WhiteElo "1898"]
[BlackElo "1662"]
[Annotator "NA"]
[PlyCount "60"]
[EventDate "2018.09.05"]
[EventType "swiss"]
[EventCountry "TUR"]
[SourceTitle "playchess.com"]
[Source "ChessBase"]
[SourceQuality "1"]
[TimeControl "40/5400+30:1800+30"]

1. e4 g6 2. d4 Bg7 3. Nc3 c6 4. Be3 d6 5. f3 a6 6. Qd2 b5 7. a4 b4 8. Nd1 a5 9. g4 Ba6 10. Bxa6 Nxa6 11. h4 h5 12. g5 Qc7 13. Nh3 e6 14. Ndf2 Ne7 15. O-O O-O 16. Nh1 c5 17. c3 Rab8 18. Qd3 Qc6 19. f4 d5 20. e5 Nf5 21. Bf2 Rfc8 22. Ng3 Nxg3 23. Qxg3 c4 24. Be1 b3 25. Bd2 Nc7 26. f5 exf5 27. Nf4 Ne6 28. Nxe6 fxe6 29. Bf4 Bf8 30. Rfc1 Be7 1/2-1/2

[Event "World Junior U20 Girls 2018"]
[Site "Gebze"]
[Date "2018.09.08"]
[Round "5"]
[White "Aydin, Gulenay"]
[Black "Ayan, Bengu Sena"]
[Result "1/2-1/2"]
[ECO "C04"]
[WhiteElo "1882"]
[BlackElo "1976"]
[Annotator "NA"]
[PlyCount "92"]
[EventDate "2018.09.05"]
[EventType "swiss"]
[EventCountry "TUR"]
[SourceTitle "playchess.com"]
[Source "ChessBase"]
[SourceQuality "1"]
[TimeControl "40/5400+30:1800+30"]

1. e4 e6 2. d4 d5 3. Nd2 Nc6 4. Ngf3 Nf6 5. e5 Nd7 6. c4 dxc4 {[%emt 0:04:30] C04: French Tarrasch: 3...Nc6} (6... Be7 7. Bd3 Nb4 8. Bb1 dxc4 9. Nxc4 Nb6 10. Ncd2 Bd7 11. a3 N4d5 12. O-O Ba4 13. Bc2 Qd7 14. Ne4 Bxc2 15. Qxc2 {½-½ (49) Jobava,B (2706)-Kuzubov,Y (2615) Plovdiv 2012}) 7. Nxc4 Nb6 8. a3 Be7 9. Bd3 Nd5 10. O-O a5 11. Re1 $146 ({Predecessor:} 11. Qc2 a4 12. Bd2 Bd7 13. Bxh7 Qb8 14. Be4 {1-0 (34) Huschenbeth,N (2533)-Michna,M (2332) Hamburg 2014}) 11... h6 12. Bc2 Nb8 13. Nfd2 b6 14. Qg4 g6 15. Ne4 Nd7 16. Bd2 Ba6 17. Ne3 Bb7 18. Nxd5 Bxd5 19. Nc3 c6 20. Nxd5 cxd5 21. f4 h5 22. Qf3 b5 23. g3 Qb6 24. Qd3 Kf8 25. h3 Kg7 26. Kg2 Nb8 27. Rh1 Nc6 28. Be3 b4 29. a4 Qa6 30. Qd2 Bd8 31. g4 Ne7 32. Bd3 Qb6 33. Rhf1 Rc8 34. Rac1 Rc6 35. Bb5 Rxc1 36. Rxc1 Qb7 37. Rc2 Bb6 38. b3 hxg4 39. hxg4 Rc8 40. Kf3 Qa8 41. Rc1 Rxc1 42. Qxc1 Qh8 43. Qf1 Qc8 44. Qd3 Qh8 45. Qf1 $11 Nc8 46. Bd7 Ne7 1/2-1/2

[Event "World Junior U20 Girls 2018"]
[Site "Gebze"]
[Date "2018.09.08"]
[Round "5"]
[White "Sade, Defne"]
[Black "Tian, Shi Yuan"]
[Result "1/2-1/2"]
[ECO "C07"]
[WhiteElo "1826"]
[BlackElo "1923"]
[Annotator "NA"]
[PlyCount "93"]
[EventDate "2018.09.05"]
[EventType "swiss"]
[EventCountry "TUR"]
[SourceTitle "playchess.com"]
[Source "ChessBase"]
[SourceQuality "1"]
[TimeControl "40/5400+30:1800+30"]

1. e4 e6 2. d4 d5 3. Nd2 c5 4. exd5 Qxd5 5. Ngf3 cxd4 6. Bc4 Qd7 7. O-O Nf6 8. Nb3 Nc6 9. Nbxd4 Nxd4 10. Nxd4 a6 11. Bb3 Bc5 12. Be3 Qc7 13. Re1 Bd7 14. c3 Bd6 15. h3 O-O-O 16. Qe2 Kb8 17. c4 Bf4 18. a3 Rhg8 19. Ba2 Bc8 20. Rad1 Rd7 21. Nf3 Bxe3 22. Qxe3 Rxd1 23. Rxd1 Rd8 24. Rxd8 Qxd8 25. Qe5+ Ka8 26. Nd4 Bd7 27. b4 Qb8 28. Nf3 Qxe5 29. Nxe5 Be8 30. f3 Nd7 31. Nxd7 Bxd7 32. Kf2 Kb8 33. Ke3 Kc7 34. Kd4 Ba4 35. Bb1 h6 36. f4 Bc6 37. g3 Bg2 38. h4 Bc6 39. Bc2 Bf3 40. Bd3 Bd1 41. Ke5 Bg4 42. Bc2 f6+ 43. Kd4 Kd6 44. c5+ Kc7 45. Be4 Bd1 46. Bg2 Bg4 47. Ke4 1/2-1/2

[Event "World Junior U20 Girls 2018"]
[Site "Gebze"]
[Date "2018.09.08"]
[Round "5"]
[White "Duran, Esma Doga"]
[Black "Aubert, Laurane"]
[Result "1/2-1/2"]
[ECO "D36"]
[WhiteElo "1825"]
[BlackElo "1970"]
[Annotator "NA"]
[PlyCount "95"]
[EventDate "2018.09.05"]
[EventType "swiss"]
[EventCountry "TUR"]
[SourceTitle "playchess.com"]
[Source "ChessBase"]
[SourceQuality "1"]
[TimeControl "40/5400+30:1800+30"]

1. d4 d5 2. Nf3 Nf6 3. c4 e6 4. Nc3 Nbd7 5. Bg5 Be7 6. cxd5 exd5 7. Qc2 c6 8. e3 O-O 9. Bd3 Re8 10. O-O Nf8 11. Rab1 Ng6 12. Ne5 Nxe5 13. dxe5 Ng4 14. Bf4 Bf8 15. Bxh7+ Kh8 16. Bf5 Nxe5 17. Bxc8 Qxc8 18. b4 a6 19. a4 Nc4 20. Qd3 Qe6 21. Rfe1 Qf6 22. Bg3 Ne5 23. Qd4 Kg8 24. b5 axb5 25. axb5 Ra3 26. Rec1 Qf5 27. Bxe5 Qxe5 28. Qxe5 Rxe5 29. bxc6 bxc6 30. Ra1 Re8 31. Rxa3 Bxa3 32. Rb1 Rd8 33. Kf1 Kf8 34. Ke2 Ke7 35. Rb7+ Ke6 36. Kd3 Bd6 37. f4 g6 38. h3 Ra8 39. Rb6 Rc8 40. e4 dxe4+ 41. Kxe4 Kd7 42. Rb7+ Bc7 43. f5 Re8+ 44. Kf3 Re5 45. fxg6 fxg6 46. Ne4 c5 47. Rb5 Kc6 48. Rxc5+ 1/2-1/2

[Event "World Junior U20 Girls 2018"]
[Site "Gebze"]
[Date "2018.09.08"]
[Round "5"]
[White "Caxita, Esperanca"]
[Black "Koo, Wei Xin Rosamund"]
[Result "1/2-1/2"]
[ECO "B35"]
[WhiteElo "1803"]
[BlackElo "1918"]
[Annotator "NA"]
[PlyCount "105"]
[EventDate "2018.09.05"]
[EventType "swiss"]
[EventCountry "TUR"]
[SourceTitle "playchess.com"]
[Source "ChessBase"]
[SourceQuality "1"]
[TimeControl "40/5400+30:1800+30"]

1. e4 c5 2. Nf3 Nc6 3. d4 cxd4 4. Nxd4 Nf6 5. Nc3 g6 6. Be3 Bg7 7. Bc4 O-O 8. Bb3 Ng4 9. Qxg4 Nxd4 10. Qd1 Nc6 11. Qd2 d6 12. O-O Be6 13. f4 Qc8 14. Rab1 Na5 15. Nd5 Bxd5 16. Bxd5 Nc4 17. Qe2 Nxe3 18. Qxe3 Qxc2 19. Rfc1 Qa4 20. Qd3 Qd7 21. Qb3 Rab8 22. Rc2 e6 23. Bc4 b5 24. Be2 a6 25. Rd1 Rfd8 26. Rcd2 Bf8 27. Qh3 Rbc8 28. Kh1 a5 29. f5 exf5 30. exf5 Rc5 31. fxg6 hxg6 32. Qxd7 Rxd7 33. Rd5 Rdc7 34. R5d2 b4 35. b3 Rc2 36. Bc4 Rxd2 37. Rxd2 Rc5 38. Kg1 Re5 39. Kf2 Kg7 40. Kf3 f5 41. h3 Kf6 42. g4 Ke7 43. g5 Bg7 44. Bd5 Re1 45. Re2+ Rxe2 46. Kxe2 Bb2 47. Kf3 Bc1 48. h4 Bd2 49. Ke2 Bf4 50. Kf3 Bd2 51. Ke2 Bc3 52. Bc4 Be5 53. Kf3 1/2-1/2

[Event "World Junior U20 Girls 2018"]
[Site "Gebze"]
[Date "2018.09.08"]
[Round "5"]
[White "Can, Isil"]
[Black "Heydarova, Aytaj"]
[Result "1-0"]
[ECO "B77"]
[WhiteElo "1798"]
[BlackElo "1948"]
[Annotator "NA"]
[PlyCount "99"]
[EventDate "2018.09.05"]
[EventType "swiss"]
[EventCountry "TUR"]
[SourceTitle "playchess.com"]
[Source "ChessBase"]
[SourceQuality "1"]
[TimeControl "40/5400+30:1800+30"]

1. e4 c5 2. Nf3 d6 3. d4 cxd4 4. Nxd4 Nf6 5. Nc3 g6 6. Be3 Bg7 7. f3 Nc6 8. Qd2 O-O 9. Bc4 a6 10. h4 Nxd4 11. Bxd4 Be6 {[%emt 0:00:00] B77: Sicilian Dragon: Yugoslav Attack, 9 Bc4 sidelines} (11... b5 12. Bb3 h5 13. a4 bxa4 14. Nxa4 Rb8 15. Nc3 a5 16. Ne2 Ba6 17. Qxa5 Bxe2 18. Kxe2 Qc8 19. Qa6 {1-0 (67) Nepomniachtchi,I (2520)-Postny,E (2591) playchess.com INT 2006}) 12. Bb3 Qa5 13. O-O-O Rfc8 14. Kb1 b5 15. h5 $146 ({Predecessor:} 15. Rhe1 Bxb3 16. cxb3 b4 17. Nd5 Nxd5 18. Bxg7 Nc3+ 19. bxc3 bxc3 20. Bxc3 Rxc3 {1-0 (41) Tal,M-Portisch,L Oberhausen 1961}) 15... Bc4 16. hxg6 hxg6 17. Rh2 Kf8 18. Rdh1 e5 19. Be3 Qc7 20. Bg5 b4 21. Bxf6 Bxf6 22. Nd5 Bxd5 23. Bxd5 Rab8 24. Rh7 Bg7 25. Bb3 Rb5 26. Qg5 Rc5 27. Rh8+ Bxh8 28. Rxh8+ Kg7 29. Qh6+ Kf6 30. Qh4+ g5 31. Qh6+ Ke7 32. Qxg5+ Kd7 33. Ba4+ Rc6 34. Qf5+ Ke7 35. Qg5+ Kd7 36. Qg4+ Ke7 37. Qh4+ Kd7 38. Qh3+ Ke7 39. Qh4+ Kd7 40. Qg4+ Ke7 41. Rh7 Rf8 42. Qg5+ Ke8 43. Qd2 Ke7 44. Bxc6 Qxc6 45. Qxb4 Rg8 46. g4 Rg6 47. Qb3 $18 Re6 48. Qe3 Qe8 49. Qa7+ Kf6 50. Rh5 1-0

[Event "World Junior U20 Girls 2018"]
[Site "Gebze"]
[Date "2018.09.08"]
[Round "5"]
[White "Anacoglu, Cisel"]
[Black "Hereklioglu, Sude"]
[Result "0-1"]
[ECO "B47"]
[WhiteElo "1791"]
[BlackElo "1930"]
[Annotator "NA"]
[PlyCount "62"]
[EventDate "2018.09.05"]
[EventType "swiss"]
[EventCountry "TUR"]
[SourceTitle "playchess.com"]
[Source "ChessBase"]
[SourceQuality "1"]
[TimeControl "40/5400+30:1800+30"]

1. e4 c5 2. Nf3 e6 3. d4 cxd4 4. Nxd4 Nc6 5. Nc3 Qc7 6. g3 a6 7. Bg2 Nf6 8. O-O Be7 9. Re1 O-O 10. Nxc6 bxc6 11. e5 Nd5 12. Bd2 f6 13. Nxd5 cxd5 14. exf6 Bxf6 15. Bb4 Rd8 16. Qd2 a5 17. Ba3 Ba6 18. Rac1 Qc4 19. Qxa5 Qxa2 20. Ra1 Qc4 21. Bf1 Qc6 22. Bxa6 Rxa6 23. Qd2 Rc8 24. c3 Rca8 25. Rac1 Ra4 26. Qd3 Rxa3 27. bxa3 Rxa3 28. Red1 d4 29. Qd2 Rxc3 30. Rxc3 dxc3 31. Qa2 d5 0-1

[Event "World Junior U20 Girls 2018"]
[Site "Gebze"]
[Date "2018.09.08"]
[Round "5"]
[White "Huttl, Sofie"]
[Black "Nemcova, Karin"]
[Result "1/2-1/2"]
[ECO "B01"]
[WhiteElo "1727"]
[BlackElo "1990"]
[Annotator "NA"]
[PlyCount "67"]
[EventDate "2018.09.05"]
[EventType "swiss"]
[EventCountry "TUR"]
[SourceTitle "playchess.com"]
[Source "ChessBase"]
[SourceQuality "1"]
[TimeControl "40/5400+30:1800+30"]

1. e4 d5 2. exd5 Qxd5 3. Nc3 Qd6 4. d4 Nf6 5. h3 {[%emt 0:03:30] B01: Scandinavian Defence} (5. a3 c6 6. Bc4 Be6 7. Bxe6 Qxe6+ 8. Nge2 Qd7 9. O-O e6 10. Ng3 Be7 11. Nce4 Nxe4 12. Nxe4 Qd5 {0-1 (38) Mamedov,R (2709)-Carlsen,M (2834) chess.com INT 2018}) 5... c6 6. Nf3 Bf5 7. Bd3 Bxd3 8. Qxd3 e6 9. Ne4 Nxe4 10. Qxe4 Be7 11. O-O Nd7 12. c3 Nf6 $146 ({Predecessor:} 12... O-O 13. Bg5 Bxg5 14. Nxg5 {0-1 (53) Khukhashvili,S (2396)-Mirzoev,A (2565) Baku 2012}) 13. Qe5 O-O 14. Bf4 Qd5 15. Qc7 Qd7 16. Qxd7 Nxd7 17. Rfe1 Nb6 18. Ne5 Rad8 19. Rad1 Rfe8 20. Bg3 Bf8 21. Bh4 f6 22. Nd3 Kf7 23. Bg3 Rd5 24. f3 Na4 25. Re4 c5 26. Nf4 f5 27. Re2 $11 (27. Nxd5 $16 fxe4 28. Nc7) 27... Rd7 28. Rde1 Bd6 29. d5 e5 30. Ne6 f4 31. Bf2 c4 32. Nxf4 Bb8 33. Ne6 Rxd5 34. Ng5+ 1/2-1/2